 Dungeon Crawl Stone Soup version 0.21.1-1-g345015fe64 (webtiles) character file.

243 KleinerIrrer the Chopper (level 6, -3/38 HPs)
             Began as a Gargoyle Fighter on Apr 4, 2018.
             Was an Initiate of Okawaru.
             Killed by divine providence
             ... invoked by an orc priest
              (13 damage)
             ... on level 4 of the Dungeon.
             The game lasted 00:00:54 (3293 turns).

KleinerIrrer the Chopper (Gargoyle Fighter)         Turns: 3293, Time: 00:00:55

Health: -3/38      AC: 14    Str: 22    XL:     6   Next: 9%
Magic:  6/6        EV:  7    Int:  8    God:    Okawaru [......]
Gold:   39         SH:  9    Dex:  9    Spells: 5/5 levels left

rFire    . . .     SeeInvis .   Y - +0 war axe
rCold    + . .     Gourm    .   c - +0 shield
rNeg     + . .     Faith    .   b - +0 scale mail
rPois    ∞         Spirit   .   (no helmet)
rElec    +         Reflect  .   (no cloak)
rCorr    .         Harm     .   p - +2 pair of gloves
MR       .....                  (no boots)
Stlth    ..........             (no amulet)
HPRegen  0.12/turn              f - ring of protection from cold
MPRegen  0.10/turn              (no ring)

@: no status effects
A: negative energy resistance 1, electricity resistance, unbreathing,
petrification resistance, rot immunity, AC +4
a: Renounce Religion


You were on level 4 of the Dungeon.
You worshipped Okawaru.
Okawaru was noncommittal.
You were not hungry.

You visited 2 branches of the dungeon, and saw 5 of its levels.

You collected 195 gold pieces.
You spent 156 gold pieces at shops.


Innate Abilities, Weirdness & Mutations

You are resistant to torment.
Your stone body is resilient. (AC +4)
You are immune to poison.
You resist negative energy. (rN+)
You are resistant to electric shocks. (rElec)
You can survive without breathing.
You are immune to petrification.
You are immune to rotting.


   Skills:
 - Level 4.2 Fighting
 - Level 5.1 Axes
 - Level 3.2 Armour
 + Level 0.1 Dodging
 - Level 3.2 Shields


You had 5 spell levels left.
You didn't know any spells.

Inventory:

Hand Weapons
 l - a +0 whip
 Y - a +0 war axe (weapon)
Missiles
 t - 7 poisoned javelins (quivered)
Armour
 b - a +0 scale mail (worn)
 c - a +0 shield (worn)
 p - a +2 pair of gloves (worn)
Jewellery
 f - a ring of protection from cold (left hand)
Wands
 o - a wand of random effects (31)
Scrolls
 e - 3 scrolls of remove curse
 i - 3 scrolls of identify
 s - 3 scrolls of teleportation
Potions
 d - a potion of might
 g - 3 potions of curing
 k - a potion of heal wounds
 m - a potion of experience {unknown}
 u - a potion of lignification {unknown}
Comestibles
 a - 2 chunks of flesh
 n - 4 rations

Dungeon Overview and Level Annotations

Branches:
Dungeon (4/15)             Temple (1/1) D:4

Altars:
Ashenzari
Elyvilon
Hepliaklqana
Okawaru
Xom

Shops:
D:4 ?


Message History

The magic dart hits you!
The worker ant bites you but does no damage.
You barely miss the orc wizard.
The orc wizard is moderately wounded.
You hit the orc wizard but do no damage.
You barely miss the orc.
Your shield and scale mail prevent you from hitting the worker ant.
You block the orc wizard's attack. The worker ant barely misses you.
The orc wizard hits you but does no damage.
You block the orc's attack. The worker ant barely misses you.
The orc wizard hits you with a dagger.
You barely miss the orc wizard.
The orc wizard is moderately wounded.
You hit the orc wizard. You hit the orc. You hit the worker ant.
The orc wizard gestures at you while chanting.
You block the puff of flame. The orc barely misses you.
The worker ant bites you but does no damage.
The orc priest invokes the aid of Beogh against you.
Beogh smites you!
You die...

.# ###.#####
........
######.#.#<#
.#.....o....#
.....ooao...#
#@o...###
##........
#.......##
#.###...###
#.# ......
#.###...##.#
#...........
###.....##
#####.#..#


You could see a worker ant, an orc priest, 2 orc wizards and 2 orcs.

Vanquished Creatures
  Ijyb (D:3)
  2 worker ants
  A gnoll (D:1)
  5 adders
  A shadow imp (D:4)
  An ooze (D:1)
  2 worms
  5 dart slugs
  A leopard gecko (D:1)
  An orc (D:3)
  3 bats (D:1)
  3 giant cockroaches
  10 hobgoblins
  15 jackals
  8 kobolds
  A quokka (D:2)
  3 frilled lizards (D:1)
  13 goblins
  4 rats
80 creatures vanquished.

Notes
Turn   | Place    | Note
-------+----------+-------------------------------------------
     0 | D:1      | KleinerIrrer the Gargoyle Fighter began the quest for the Orb.
     0 | D:1      | Reached XP level 1. HP: 14/14 MP: 1/1
     0 | D:1      | 0 ||| counter = 53
    27 | D:1      | Reached skill level 2 in Axes
   134 | D:1      | Reached XP level 2. HP: 18/19 MP: 2/2
   288 | D:1      | Reached skill level 3 in Axes
   361 | D:1      | Reached XP level 3. HP: 23/23 MP: 3/3
   791 | D:1      | Reached XP level 4. HP: 28/28 MP: 4/4
  1226 | D:1      | 1226 ||| READING scroll labeled ECUHEY PAEQIM.
  1227 | D:1      | 1227 ||| READING 3 scrolls labeled POOLUM GY FEDO.
  1228 | D:1      | 1228 ||| READING scroll labeled HADUUS TIUJU.
  1229 | D:1      | 1229 ||| READING 2 scrolls of identify.
  1229 | D:1      | 1229 ||| IDENTIFYING runed tourmaline ring
  1230 | D:1      | 1230 ||| DROPPING ring of wizardry.
  1340 | D:2      | Reached skill level 4 in Axes
  1416 | D:2      | Found a shattered altar of Ashenzari.
  1725 | D:2      | 1725 ||| EATING ration.
  2237 | D:2      | 2237 ||| UPGRADING to pair of embroidered gloves.
  2242 | D:2      | 2242 ||| READING scroll labeled WANWEF UCLOI.
  2243 | D:2      | 2243 ||| READING scroll labeled LYTAYN ROASISYE.
  2244 | D:2      | 2244 ||| READING scroll labeled EWEREAHIAN.
  2248 | D:2      | 2248 ||| DRINKING 2 brown potions.
  2249 | D:2      | 2249 ||| DROPPING potion of brilliance.
  2303 | D:3      | 2303 ||| STAIRDANCE
  2337 | D:3      | 2337 ||| UPGRADING to club.
  2338 | D:3      | 2338 ||| SWAPPING to +0 war axe.
  2372 | D:3      | 2372 ||| DROPPING +0 club.
  2373 | D:3      | 2373 ||| UPGRADING to whip.
  2374 | D:3      | 2374 ||| SWAPPING to +0 war axe.
  2388 | D:3      | Reached XP level 5. HP: 32/32 MP: 5/5
  2826 | D:3      | Noticed Ijyb
  2834 | D:3      | Paralysed by Ijyb for 2 turns
  2839 | D:3      | Paralysed by Ijyb for 5 turns
  2856 | D:3      | Paralysed by Ijyb for 3 turns
  2864 | D:3      | Killed Ijyb
  2864 | D:3      | Reached skill level 5 in Axes
  2900 | D:3      | 2900 ||| UPGRADING to pair of glowing gloves.
  2910 | D:3      | 2910 ||| DROPPING +1 pair of gloves.
  2911 | D:3      | 2911 ||| READING scroll labeled POTEIGG YSIQI.
  2912 | D:3      | 2912 ||| READING scroll labeled BESONA AXOITWU.
  2913 | D:3      | 2913 ||| READING scroll labeled GUIMPU PATTI.
  2914 | D:3      | 2914 ||| DRINKING 4 bubbling pink potions.
  2915 | D:3      | 2915 ||| READING 2 scrolls of identify.
  2915 | D:3      | 2915 ||| IDENTIFYING scratched cabochon ring
  2916 | D:3      | 2916 ||| UPGRADING to ring of protection from cold.
  2986 | D:4      | Found a staircase to the Ecumenical Temple.
  2988 | D:4      | 2988 ||| STAIRDANCE
  3010 | D:4      | 3010 ||| STAIRDANCE
  3064 | Temple   | Entered the Ecumenical Temple
  3065 | Temple   | 3065 ||| Entered T.
  3068 | Temple   | Became a worshipper of Warmaster Okawaru
  3086 | D:4      | Found Ofoqemuer's Magic Scroll Emporium.
  3156 | D:4      | Bought a scroll of identify for 24 gold pieces
  3156 | D:4      | Bought a scroll of identify for 24 gold pieces
  3156 | D:4      | Bought a scroll of teleportation for 36 gold pieces
  3156 | D:4      | Bought a scroll of remove curse for 36 gold pieces
  3156 | D:4      | Bought a scroll of remove curse for 36 gold pieces
  3156 | D:4      | 3156 ||| SHOPLISTING scroll of teleportation (36 gold, have 29).
  3210 | D:4      | Reached XP level 6. HP: 32/38 MP: 6/6
  3293 | D:4      | Killed from afar by an orc priest

Vault maps used:
D:1:      lemuel_arrival_cross
D:2:      nicolae_ashenzari_panopticon
D:3:      kennysheep_goblin_castle
D:4:      lemuel_upstairs_altar, zin_treasury, temple_fountains, first_ration,
          serial_shops, shop, shop, shop, patterned_corridor
Temple:   zaba_magenta_temple

Skill      XL: |  1  2  3  4  5 |
---------------+----------------+-----
Axes           | 2 3 4 5 |  5.1
Fighting       | 4 |  4.2
Armour         | |  3.2
Dodging        | |  0.1
Shields        | |  3.2

Action                   |  1- 3 |  4- 6 || total
-------------------------+-------+-------++-------
Melee: War axe           |   148 |   187 ||   335
Throw: Javelin           |       |     6 ||     6
  Use: Scroll            |       |    11 ||    11
       Potion            |       |     2 ||     2
  Eat: Chunk             |       |     5 ||     5
       Ration            |       |     1 ||     1
Armor: Scale mail        |    91 |    97 ||   188
Dodge: Dodged            |    42 |    54 ||    96
Block: Shield            |    72 |    80 ||   152

Table legend:
 A = Spawn XP
 B = Non-spawn XP
 C = Spawn XP percentage of total XP
 D = Spawn monster count
 E = Non-spawn monster count
 F = Spawn count percentage of total count
 G = Total turns spent on level
                    A         B        C        D         E        F      G
               +---------+---------+-------+---------+---------+-------+---------
         Total |       0 |     348 |   0.0 |       0 |      80 |   0.0 |  3293
               +---------+---------+-------+---------+---------+-------+---------
           D:1 |       0 |      91 |   0.0 |       0 |      38 |   0.0 |  1240
           D:2 |       0 |      52 |   0.0 |       0 |      14 |   0.0 |  1074
           D:3 |       0 |     150 |   0.0 |       0 |      24 |   0.0 |   733
           D:4 |       0 |      55 |   0.0 |       0 |       4 |   0.0 |   237
               +---------+---------+-------+---------+---------+-------+---------
